[Event "Early-Titled-Tuesday-Blitz-September-12-2023"]
[Site "Chess.com"]
[Date "2023.09.12"]
[Round "7"]
[White "Chaos_Magic"]
[Black "twofoxniel"]
[Result "0-1"]
[WhiteElo "2370"]
[BlackElo "2611"]
[TimeControl "180+1"]
[EndTime "9:18:11 PDT"]
[Termination "twofoxniel won by checkmate"]

1. d4 d5 2. c4 c6 3. Nf3 Nf6 4. Nbd2 Bf5 5. Nh4 Be6 6. e3 g6 7. Bd3 Bg7 8. O-O O-O 9. a3 Nbd7 10. b4 Nb6 11. c5 Nbd7 12. Qc2 Nb8 13. f4 Bc8 14.
Nhf3 Nbd7 15. Ne5 Nxe5 16. fxe5 Ng4 17. Nf3 f6 18. exf6 exf6 19. Bd2 f5 20. Rae1 Re8 21. h3 Nf6 22. Re2 Ne4 23. Be1 Bf6 24. Bxe4 Rxe4 25. Bg3 Bd7 26. Be5 g5 27. Bxf6 Qxf6 28. Ne5 Be8 29. Ref2 Bg6 30. Qd2 Re8 31. g4 R8xe5 32. dxe5 Qxe5 33. gxf5 Bh5 34. Rg2 h6 35. f6 Kf7 36. b5 Rxe3 37. bxc6 bxc6 38. Qb4 Bf3 39.
Qb7+ Kxf6 40. Qxc6+ Kg7 41. Qd7+ Kg6 42. c6 Re1 43. c7 Qe3+ 44. Rf2 Rxf1+ 45. Kh2 Qxf2# 0-1

[Event "Early-Titled-Tuesday-Blitz-September-12-2023"]
[Site "Chess.com"]
[Date "2023.09.12"]
[Round "7"]
[White "nitpicker"]
[Black "BeautiFullMindChess"]
[Result "0-1"]
[WhiteElo "2264"]
[BlackElo "2199"]
[TimeControl "180+1"]
[EndTime "9:18:11 PDT"]
[Termination "BeautiFullMindChess won on time"]

1. d4 Nf6 2. c4 g6 3. Nc3 d6 4. e4 Bg7 5. Be2 O-O 6. Nf3 e5 7. O-O exd4 8. Nxd4 Re8 9. f3 Nc6 10. Nc2 Nh5 11. Be3 f5 12. exf5 Bxf5 13. Nd5 Bxc2 14. Qxc2 Bd4 15. Bf2 Bxf2+ 16. Rxf2 Nd4 17. Qd3 c5 18. g3 Nf6 19. Nc3 Qd7 20. Bf1 Re5 21. Bg2 Rae8 22. f4 Re3 23. Qd2 a6 24. Raf1 b5 25.
h3 b4 26. Nd5 Nxd5 27. Bxd5+ Kg7 28. Kg2 h5 29. b3 Qe7 30. Qd1 Qf6 31. Bf3 Qe6 32.
Bd5 Qf6 33. Bf3 Nf5 34. Re2 Rxe2+ 35. Bxe2 Ne3+ 36. Kh2 Nxd1 37. Bxd1 Qb2+ 38. Kg1 Re3 39. Bf3 Qd4 0-1

[Event "Early-Titled-Tuesday-Blitz-September-12-2023"]
[Site "Chess.com"]
[Date "2023.09.12"]
[Round "7"]
[White "WaybackBoy"]
[Black "masterofpuppets2"]
[Result "1-0"]
[WhiteElo "2699"]
[BlackElo "2503"]
[TimeControl "180+1"]
[EndTime "9:18:12 PDT"]
[Termination "WaybackBoy won by resignation"]

1. d4 Nf6 2. c4 e6 3. g3 d5 4. Bg2 Bb4+ 5. Nd2 O-O 6. Nf3 dxc4 7. Qc2 a5 8. O-O b5 9. a4 c6 10. b3 cxb3 11. Nxb3 bxa4 12. Nc5 Nbd7 13. Nxa4 Ba6 14.
Rd1 Bb5 15. Ne5 Rc8 16. Bg5 Qc7 17. Bf4 Qb7 18. Nc4 Qa7 19. Nd6 Rcd8 20. Nc3 Bxc3 21. Qxc3 Nd5 22. Bxd5 exd5 23. Rxa5 Qb6 24. Nxb5 cxb5 25.
Rb1 Rc8 26. Qd2 Nf6 27. Raxb5 Qe6 28. f3 Rfe8 29. Rb8 h6 30. Rxc8 Rxc8 31. Rb8 Kh7 32. Qd3+ g6 33. Rb7 Re8 34. Kf2 Kg8 35. g4 h5 36. h3 hxg4 37. hxg4 Nh7 38. Qe3 Nf8 39. Qxe6 Nxe6 40. Be5 Rc8 41. Rb1 Rc4 42. Rb8+ 1-0

[Event "Early-Titled-Tuesday-Blitz-September-12-2023"]
[Site "Chess.com"]
[Date "2023.09.12"]
[Round "7"]
[White "Aleksandar-Topalov"]
[Black "ErikRonka"]
[Result "1/2-1/2"]
[WhiteElo "2351"]
[BlackElo "2518"]
[TimeControl "180+1"]
[EndTime "9:18:13 PDT"]
[Termination "Game drawn by repetition"]

1. b3 e5 2. Bb2 d6 3. d4 Nd7 4. c4 Ngf6 5. Nc3 g6 6. g3 Bg7 7. Bg2 O-O 8. e3 Re8 9. Nge2 c6 10.
dxe5 dxe5 11. O-O Qe7 12. Qc2 Nc5 13. Ba3 Bf8 14. Na4 Nfd7 15. Nec3 Qe6 16. Nxc5 Bxc5 17. Bb2 Bf8 18. Rad1 Nf6 19. Rd2 Qe7 20. h3 Bf5 21.
Ne4 Nxe4 22. Bxe4 Bxh3 23. Rfd1 Bg7 24. Qd3 Be6 25. Bg2 Bf6 26. a4 Rad8 27. Qxd8 Rxd8 28.
Rxd8+ Qxd8 29. Rxd8+ Bxd8 30. Bxe5 Kf8 31. Kf1 Ke7 32.
Ke2 Kd7 33. Kd3 a6 34. e4 b5 35. axb5 axb5 36. Bd4 bxc4+ 37. bxc4 Be7 38. f4 Bg4 39. Bb6 h5 40. Bf2 Bd6 41. e5 Be7 42. Be4 Be6 43. Kc3 Bg4 44. Kd3 Bd1 45. Kd2 Bg4 46. Kd3 1/2-1/2

[Event "Early-Titled-Tuesday-Blitz-September-12-2023"]
[Site "Chess.com"]
[Date "2023.09.12"]
[Round "7"]
[White "Tsyhanchuk_Stanislav"]
[Black "Dewarfd"]
[Result "0-1"]
[WhiteElo "2413"]
[BlackElo "2170"]
[TimeControl "180+1"]
[EndTime "9:18:13 PDT"]
[Termination "Dewarfd won on time"]

1. e4 e5 2. Nf3 Nc6 3. Bc4 Nf6 4. d3 Be7 5. O-O O-O 6. h3 d6 7. a3 a6 8. Be3 h6 9. Nbd2 d5 10. exd5 Nxd5 11. Bxd5 Qxd5 12. Nc4 e4 13. Ne1 Rd8 14. Bf4 exd3 15. Bxc7 Qxc4 16. cxd3 Qd5 17. Bxd8 Bxd8 18. Nc2 Bc7 19. Qe2 Bf5 20. Rad1 Qd6 21. f4 Rd8 22. Rf3 Nd4 23. Nxd4 Qxd4+ 24. Kh1 Bd7 25. Qf2 Bc6 26. Qxd4 Rxd4 27. Re3 Bxf4 28. Re2 Bg3 29. Re3 Bf4 30. Re2 Bc7 31. Kg1 Bb6 32. Kf1 Bb5 33. Red2 Rf4+ 34.
Ke2 Rf2+ 35. Ke1 Rf6 36. Re2 Bd4 37. Kd2 Bxb2 0-1

[Event "Early-Titled-Tuesday-Blitz-September-12-2023"]
[Site "Chess.com"]
[Date "2023.09.12"]
[Round "7"]
[White "IMTominho"]
[Black "HajiyevKanan"]
[Result "1-0"]
[WhiteElo "2815"]
[BlackElo "2519"]
[TimeControl "180+1"]
[EndTime "9:18:16 PDT"]
[Termination "IMTominho won on time"]

1. g3 Nf6 2. Bg2 g6 3. b3 d5 4. Bb2 Bg7 5. Nf3 O-O 6. O-O c5 7. d4 Ne4 8. e3 Nc6 9. c3 Bg4 10. h3 Bxf3 11. Bxf3 cxd4 12. cxd4 Qd7 13. h4 Rac8 14.
Nd2 Nxd2 15. Qxd2 Rc7 16. h5 Rfc8 17. hxg6 hxg6 18. Rac1 Qf5 19. Kg2 e6 20. Rh1 Bf6 21. Rh3 Ne7 22. Rxc7 Rxc7 23. Bc3 Rc8 24. Rh1 Bg7 25.
Bb4 Nc6 26. Rc1 Bf8 27. Bxf8 Kxf8 28. b4 a6 29. Rc5 Kg7 30. b5 axb5 31. Rxb5 Rh8 32. Rxb7 Qh3+ 33. Kg1 Qh2+ 34. Kf1 Ra8 35. Rb1 Na5 36. e4 Nc4 37. Qe2 Ra3 38. Rb3 Ra5 39.
exd5 exd5 40. Rb4 Ra3 41. Bxd5 Kh6 42. Rxc4 1-0

[Event "Early-Titled-Tuesday-Blitz-September-12-2023"]
[Site "Chess.com"]
[Date "2023.09.12"]
[Round "7"]
[White "jcibarra"]
[Black "SchmakAttack"]
[Result "1-0"]
[WhiteElo "2932"]
[BlackElo "2782"]
[TimeControl "180+1"]
[EndTime "9:18:18 PDT"]
[Termination "jcibarra won on time"]

1. e4 e5 2. Nf3 Nc6 3. Nc3 Nf6 4. h3 Bb4 5. Nd5 Nxd5 6. exd5 e4 7. dxc6 exf3 8. Qxf3 dxc6 9. Bc4 Qe7+ 10. Kd1 O-O 11. Re1 Qd7 12. g4 a5 13. a3 Bc5 14. a4 Qd4 15. Re4 Qxf2 16. Qxf2 Bxf2 17.
b3 b5 18. axb5 cxb5 19. Bd5 Ra6 20. Bb2 c6 21. Rf4 Bg3 22. Rf3 Bd6 23. Be4 Be6 24. d3 a4 25. bxa4 bxa4 26. c4 a3 27. Bc3 Rb8 28.
Kc2 c5 29. Rff1 f6 30. Rg1 h6 31. h4 Bd7 32. g5 hxg5 33. hxg5 fxg5 34. Bd5+ Kf8 35. Raf1+ Ke8 36. Rxg5 a2 37. Rxg7 Kd8 38. Rff7 Ba4+ 39. Kd2 Be8 40. Bf6+ 1-0

[Event "Early-Titled-Tuesday-Blitz-September-12-2023"]
[Site "Chess.com"]
[Date "2023.09.12"]
[Round "7"]
[White "AlexanderL"]
[Black "mishanick"]
[Result "1/2-1/2"]
[WhiteElo "2865"]
[BlackElo "3068"]
[TimeControl "180+1"]
[EndTime "9:18:20 PDT"]
[Termination "Game drawn by repetition"]

1. Nf3 d5 2. e3 c5 3. b3 Nc6 4.
Bb2 a6 5. d4 Nf6 6. dxc5 e6 7.
c4 Bxc5 8. cxd5 exd5 9. Be2 O-O 10. O-O Bg4 11. h3 Bh5 12. Nc3 Re8 13. Nh4 Bxe2 14.
Nxe2 Ne4 15. Nf3 Qd6 16. Ned4 Qg6 17. Rc1 Ba7 18. Nxc6 bxc6 19. Ne5 Qg5 20. Nxc6 Nxf2 21. Rxf2 Bxe3 22. Rc2 Re4 23. Nd4 Rae8 24. Nf3 Qg3 25. Kf1 d4 26. Rce2 Bxf2 27. Rxf2 h6 28. Bxd4 Rd8 29.
Qa1 Rexd4 30. Nxd4 Qd3+ 31. Kg1 Rxd4 32. Qe1 Qg6 33. Qe8+ Kh7 34. Qxf7 Qd6 35. Qf5+ Kh8 36. Qc8+ Kh7 37. Qc2+ Kg8 38. Rf1 Rd2 39. Qc8+ Kh7 40. Qf5+ Kh8 41. Qf8+ Kh7 42. Qxd6 Rxd6 43. Rf5 Kg6 44.
Ra5 Rf6 45. b4 h5 46. h4 Kh6 47. Kh2 g6 48. Kh3 Kg7 49. g3 Kh6 50. a4 Kg7 51.
Rc5 Rd6 52. a5 Rd4 53. Rc7+ Kh6 54. Rb7 Rd2 55. Rb6 Rb2 56. Rxa6 Rxb4 57. Rb6 Ra4 58. a6 Ra2 59. Rc6 Kg7 60. Rc7+ Kf6 61. a7 Ke6 62.
Rb7 Kf6 63. Rh7 Kf5 64. Rb7 Kf6 65. Rb6+ Kf5 66. Rb7 Kf6 1/2-1/2

[Event "Early-Titled-Tuesday-Blitz-September-12-2023"]
[Site "Chess.com"]
[Date "2023.09.12"]
[Round "7"]
[White "Forge13"]
[Black "Eloist"]
[Result "1-0"]
[WhiteElo "2629"]
[BlackElo "2480"]
[TimeControl "180+1"]
[EndTime "9:18:20 PDT"]
[Termination "Forge13 won on time"]

1. e4 e6 2. Qe2 c5 3. g3 Nc6 4. Bg2 g6 5. d3 Bg7 6. h4 h5 7. c3 e5 8. a4 Nge7 9. Na3 O-O 10. Nf3 d5 11. O-O Bg4 12. Nc2 Qd7 13. Ne3 d4 14. Nxg4 hxg4 15. Nh2 f5 16. f3 gxf3 17.
Nxf3 Rad8 18. c4 fxe4 19. Qxe4 Qf5 20. Ng5 Qxe4 21. Bxe4 Rxf1+ 22. Kxf1 Rf8+ 23. Ke2 Nf5 24. Bxf5 gxf5 25. Ne6 Re8 26. Nxc5 b6 27. Nb3 e4 28. Bf4 Nb4 29. Nc1 exd3+ 30. Kd2 Be5 31. Nxd3 Bxf4+ 32. Nxf4 Re3 33. Ne2 Nc6 34. Rf1 Rb3 35.
Kc2 Re3 36. Nc1 Nb4+ 37. Kd2 Rxg3 38. Rf2 Kg7 39. Ne2 Rb3 40. Nxd4 1-0

[Event "Early-Titled-Tuesday-Blitz-September-12-2023"]
[Site "Chess.com"]
[Date "2023.09.12"]
[Round "7"]
[White "AniJak"]
[Black "Alex_Banzea"]
[Result "0-1"]
[WhiteElo "2385"]
[BlackElo "2624"]
[TimeControl "180+1"]
[EndTime "9:18:20 PDT"]
[Termination "Alex_Banzea won on time"]

1. e4 c6 2. d4 d5 3. e5 c5 4.
dxc5 Nc6 5. Bb5 e6 6. Be3 Ne7 7. Nf3 Bd7 8. Qe2 Nf5 9. Bf4 Bxc5 10.
O-O Ncd4 11. Nxd4 Nxd4 12. Bxd7+ Qxd7 13. Qd2 Nc6 14. Nc3 Bb4 15. a3 Bxc3 16. Qxc3 O-O 17.
Qg3 Nd4 18. Qd3 Nc6 19. Qg3 Kh8 20. Rad1 b5 21. Be3 Rfc8 22. c3 Ne7 23. Bf4 Rc4 24. Qf3 Rac8 25. Rfe1 Nf5 26. Be3 Kg8 27. h3 a5 28. g4 Nxe3 29. Rxe3 b4 30. b3 Rxc3 31. axb4 axb4 32. Rd4 Qb5 33. Rdd3 Rxd3 34. Rxd3 Rc1+ 35. Kg2 Qc5 36. Qf4 h6 37. Rf3 Qc7 38. Qxb4 Qxe5 39.
Qe7 f6 40. h4 Qe4 0-1

[Event "Early-Titled-Tuesday-Blitz-September-12-2023"]
[Site "Chess.com"]
[Date "2023.09.12"]
[Round "7"]
[White "Ariadna_Atreides"]
[Black "Goi_Manne"]
[Result "1-0"]
[WhiteElo "2226"]
[BlackElo "2295"]
[TimeControl "180+1"]
[EndTime "9:18:21 PDT"]
[Termination "Ariadna_Atreides won by checkmate"]

1. d4 d5 2. Nf3 Bf5 3. e3 e6 4.
Bd3 Bxd3 5. cxd3 Nf6 6. Nc3 c6 7. O-O Bd6 8. e4 dxe4 9. dxe4 Be7 10. Qe2 O-O 11. Rd1 Nbd7 12. h3 Qc7 13. Bg5 h6 14. Bh4 Rfd8 15. e5 Nxe5 16. dxe5 Nd5 17. Nxd5 cxd5 18.
Rac1 Qd7 19. Bxe7 Qxe7 20. Nd4 Rac8 21. Qd2 g5 22. h4 Kg7 23. hxg5 hxg5 24. Nf3 g4 25. Qg5+ Qxg5 26. Nxg5 Rxc1 27. Rxc1 Kg6 28. f4 gxf3 29. Nxf3 Kf5 30. Rc7 d4 31. Rxf7+ Ke4 32.
Kf2 d3 33. Nd2+ Kxe5 34. Rxb7 a6 35. Ke3 Rg8 36. Nf3+ Kd5 37. Rd7+ Kc5 38. Ne1 Rb8 39. b3 d2 40. Rxd2 Rg8 41. Rc2+ Kb4 42. Nd3+ Ka3 43.
Rc6 Kxa2 44. b4 Rxg2 45. Rxa6+ Kb3 46. Rxe6 Rg3+ 47. Kd4 Rg4+ 48. Re4 Rg5 49. Re5 Rg4+ 50. Kc5 Rg3 51. Nf4 Rc3+ 52. Kb5 Rf3 53. Nd5 Rh3 54. Kc5 Rh8 55. b5 Ka4 56. b6 Ka5 57. Re3 Rc8+ 58.
Kd4 Ka6 59. Ra3+ Kb7 60. Ra7+ Kb8 61. Rc7 Rd8 62. Kc5 Rh8 63. Rd7 Rh6 64. Rd6 Rh1 65.
Kc6 Rc1+ 66. Kb5 Rb1+ 67. Nb4 Rc1 68. Rd7 Rb1 69. Ka5 Ra1+ 70. Kb5 Rb1 71. Rd4 Kb7 72.
Rh4 Kb8 73. Rh8+ Kb7 74. Rh7+ Kb8 75. Rf7 Rc1 76. Nc6+ Kc8 77. b7# 1-0

[Event "Early-Titled-Tuesday-Blitz-September-12-2023"]
[Site "Chess.com"]
[Date "2023.09.12"]
[Round "7"]
[White "VOneChess"]
[Black "Pumpkin_in_moonlight"]
[Result "1-0"]
[WhiteElo "2230"]
[BlackElo "2249"]
[TimeControl "180+1"]
[EndTime "9:18:23 PDT"]
[Termination "VOneChess won on time"]

1. e4 e5 2. Nf3 Nc6 3. Bb5 a6 4. Ba4 Nf6 5. O-O Be7 6. Re1 b5 7. Bb3 d6 8. c3 O-O 9. h3 Nb8 10. d4 Nbd7 11. Nbd2 Re8 12. Bxf7+ Kh8 13. Ng5 Bf8 14.
Bxe8 Qxe8 15. Qb3 h6 16. Ngf3 Bb7 17. d5 c6 18. dxc6 Bxc6 19. Qc2 Nc5 20. b4 Ne6 21. Nf1 Qg6 22. Ng3 h5 23. Nh4 Qh7 24. Ngf5 g5 25.
Nf3 Nxe4 26. Ne3 Bg7 27. Bd2 d5 28. Rad1 Rd8 29. Bc1 Nf4 30. Nh2 Qg8 31. a4 Bf6 32. c4 bxc4 33. b5 axb5 34. axb5 Bxb5 35. Nxd5 Nxd5 36. Qxe4 1-0

[Event "Early-Titled-Tuesday-Blitz-September-12-2023"]
[Site "Chess.com"]
[Date "2023.09.12"]
[Round "7"]
[White "the-gambler"]
[Black "FredddieCroderg"]
[Result "0-1"]
[WhiteElo "2509"]
[BlackElo "2320"]
[TimeControl "180+1"]
[EndTime "9:18:24 PDT"]
[Termination "FredddieCroderg won by checkmate"]

1. e4 c5 2. Nc3 Nc6 3. Nge2 g6 4.
g3 Bg7 5. Bg2 e6 6. O-O Nge7 7.
d3 d6 8. h3 Rb8 9. a4 a6 10.
g4 b5 11. Ng3 b4 12. Nce2 h5 13. gxh5 gxh5 14. Nf4 h4 15. Ngh5 Be5 16. Kh1 Ng6 17. Bf3 Nd4 18. Rg1 Nxf4 19. Nxf4 Qf6 20. Rg4 Ke7 21.
Nd5+ exd5 22. Bg5 Bxg4 23. Bxf6+ Bxf6 24. Bxg4 dxe4 25. dxe4 Be5 26. c3 bxc3 27. bxc3 Ne6 28. Rb1 Nf4 29. Qc2 Kf6 30. Rd1 Rb6 31. a5 Rb5 32.
Bd7 Rxa5 33. Rb1 Ra3 34. Qd2 Rxc3 35. Bc6 Rxh3+ 36. Kg1 Rd3 37. Qc2 h3 38. f3 Rg8+ 39. Kh1 Rg2 40. Qc1 Rdd2 41. Qg1 Rxg1+ 42. Rxg1 h2 43.
Rf1 Nh5 44. Rg1 hxg1=Q+ 45. Kxg1 Nf4 46. Kf1 a5 47. Bb5 Rb2 48. Bc4 Ke7 49. Ke1 f6 50. Kd1 a4 51. Kc1 a3 52. Bg8 Kd8 53. Bf7 Kc7 54. Bg8 Kb6 55. Bf7 Ka5 56. Bg8 Kb4 57. Bf7 Kc3 58. Bg8 Nd3+ 59. Kd1 Rd2# 0-1

[Event "Early-Titled-Tuesday-Blitz-September-12-2023"]
[Site "Chess.com"]
[Date "2023.09.12"]
[Round "7"]
[White "itsdsyr"]
[Black "verrbaa"]
[Result "1-0"]
[WhiteElo "2232"]
[BlackElo "2426"]
[TimeControl "180+1"]
[EndTime "9:18:24 PDT"]
[Termination "itsdsyr won on time"]

1. d4 Nf6 2. c4 g6 3. Nf3 Bg7 4. g3 O-O 5. Bg2 d5 6. O-O dxc4 7. Qc2 Bf5 8. Qxc4 c6 9. Rd1 Na6 10. Nc3 Ne4 11. a3 Nxc3 12. bxc3 Be4 13. Bf4 Nc7 14. Ng5 Bxg2 15. Kxg2 Qd5+ 16. Qxd5 Nxd5 17. Bd2 e5 18. e3 h6 19. Ne4 Rad8 20. Rab1 b6 21. c4 Nc7 22. Bb4 Rfe8 23. dxe5 Bxe5 24. Kf3 c5 25. Bc3 Bxc3 26. Nxc3 Kg7 27. Nd5 Nxd5 28. cxd5 Rd6 29. g4 f6 30. e4 Kf7 31. h4 Ke7 32. h5 Kf7 33. hxg6+ Kxg6 34. Rh1 Rd7 35.
Rh5 Rde7 36. Re1 Re5 37. Rxe5 fxe5 38. Ke3 Rf8 39. Rd1 Kf6 40. Rh1 Kg5 41. f3 Kg6 42. a4 1-0

[Event "Early-Titled-Tuesday-Blitz-September-12-2023"]
[Site "Chess.com"]
[Date "2023.09.12"]
[Round "7"]
[White "Sadykov_Ramil"]
[Black "MusicCityMaster"]
[Result "0-1"]
[WhiteElo "2540"]
[BlackElo "2386"]
[TimeControl "180+1"]
[EndTime "9:18:26 PDT"]
[Termination "MusicCityMaster won on time"]

1. d4 Nf6 2. Nc3 d5 3. Bf4 c6 4. e3 Nbd7 5. g4 h6 6. Qf3 b5 7. a3 Nb6 8. h3 a5 9. Qg3 Qd7 10. Nf3 b4 11. Ne5 Qb7 12. Ne2 Ne4 13. Qg2 e6 14. f3 Nd6 15. Nc1 Be7 16. h4 bxa3 17.
Rxa3 Ndc4 18. Ra2 Nxe5 19. Bxe5 f6 20. Bg3 Nd7 21. Bd3 Qb6 22. O-O Ba6 23. h5 c5 24. c3 Bxd3 25. Nxd3 c4 26. Nf4 O-O 27. e4 dxe4 28. fxe4 Ne5 29. Bf2 Nd3 30. Nxd3 cxd3 31. Rd1 Qb3 32. Raa1 Qxb2 33. Be1 Qxg2+ 34. Kxg2 f5 35.
gxf5 exf5 36. e5 f4 37. Kf3 Rf5 38. Rxd3 Raf8 39. Ke4 Rxh5 40. d5 Rh2 41. d6 Bg5 42. e6 Re2+ 43. Kd5 Rf5+ 0-1

[Event "Early-Titled-Tuesday-Blitz-September-12-2023"]
[Site "Chess.com"]
[Date "2023.09.12"]
[Round "7"]
[White "AnaKuchava"]
[Black "S-Fazulyanov"]
[Result "1-0"]
[WhiteElo "2248"]
[BlackElo "2434"]
[TimeControl "180+1"]
[EndTime "9:18:29 PDT"]
[Termination "AnaKuchava won on time"]

1. d4 d5 2. Nf3 Nf6 3. c4 c6 4. Qb3 dxc4 5. Qxc4 Bf5 6. Nc3 e6 7.
g3 Nbd7 8. Bg2 Be7 9. O-O O-O 10. Re1 Bg6 11. Nh4 e5 12. Nxg6 hxg6 13. Bg5 exd4 14. Qxd4 Bc5 15. Qh4 Re8 16. Ne4 Be7 17.
Nxf6+ Nxf6 18. Rad1 Qb6 19. b3 Bb4 20. Bd2 Bc5 21. e3 Rad8 22. Bc3 Be7 23. Qc4 Qc5 24. Qxc5 Bxc5 25. Bf3 g5 26. Kg2 Kf8 27. h4 gxh4 28.
gxh4 Ke7 29. h5 Rh8 30. Rh1 Bb6 31. Rxd8 Bxd8 32. Rh4 Ke6 33. Bxf6 Bxf6 34. Rb4 b6 35. Bxc6 Rh6 36. Bf3 Rh8 37. Rc4 Kd7 38. Bg4+ Kd6 39. a4 Rd8 40. f4 Re8 41. Kf3 Rd8 42. e4 Bb2 43. e5+ 1-0

[Event "Early-Titled-Tuesday-Blitz-September-12-2023"]
[Site "Chess.com"]
[Date "2023.09.12"]
[Round "7"]
[White "GamayevOleg"]
[Black "NotFischer"]
[Result "1/2-1/2"]
[WhiteElo "2461"]
[BlackElo "2293"]
[TimeControl "180+1"]
[EndTime "9:18:29 PDT"]
[Termination "Game drawn by repetition"]

1. d4 Nf6 2. Bf4 d5 3. e3 c5 4. c3 Nc6 5. Nd2 g6 6. Ngf3 Bg4 7. Bd3 cxd4 8. exd4 Bg7 9. h3 Bf5 10. Bxf5 gxf5 11. Ne5 O-O 12. O-O e6 13. f3 Qb6 14.
Nxc6 bxc6 15. b4 a5 16. a3 axb4 17. axb4 Nh5 18. Be3 f4 19. Bf2 Ng3 20. Re1 Qb5 21.
Nb3 Qc4 22. Qc2 Rxa1 23. Nxa1 Ra8 24. Nb3 Ra3 25. Bxg3 Rxb3 26. Bxf4 Rxc3 27. Qd2 Bxd4+ 28. Kh1 Rc2 29. Qd1 Bf2 30. Rf1 e5 31. Bh6 Bg3 32.
Qa1 Ra2 33. Qb1 Qe2 34. Rg1 Bf4 35. Bxf4 exf4 36. Qf5 Qe6 37. Qg5+ Kf8 38. Qd8+ Kg7 39. Qg5+ Qg6 40. Qxf4 Re2 41. b5 cxb5 42. Qd4+ Qf6 43. Qxd5 b4 44. Qd3 Qe6 45. Qb5 b3 46. Rb1 Re1+ 47.
Rxe1 Qxe1+ 48. Kh2 Qc3 49. Qg5+ Kf8 50. Qd8+ Kg7 51. Qg5+ Kf8 52. Qd8+ Kg7 53. Qg5+ 1/2-1/2

[Event "Early-Titled-Tuesday-Blitz-September-12-2023"]
[Site "Chess.com"]
[Date "2023.09.12"]
[Round "7"]
[White "JAN2404"]
[Black "RebecaJimnz"]
[Result "0-1"]
[WhiteElo "2011"]
[BlackElo "2202"]
[TimeControl "180+1"]
[EndTime "9:18:29 PDT"]
[Termination "RebecaJimnz won on time"]

1. c4 c5 2. Nf3 Nc6 3. Nc3 g6 4. g3 Bg7 5. Bg2 d6 6. O-O e5 7. d3 h6 8. a3 Be6 9. Qb3 Qd7 10. Nd5 Nge7 11. Bd2 Rb8 12. Nxe7 Nxe7 13. Qc2 O-O 14.
Rab1 a5 15. Bxa5 Nc6 16. Bd2 b5 17. b4 cxb4 18. axb4 bxc4 19. dxc4 Rfc8 20. Rfc1 e4 21. Qxe4 Bf5 22. Qd5 Bxb1 23. Rxb1 Qe6 24. Qxe6 fxe6 25. Bh3 Nd8 26. Rc1 Kf7 27. b5 Bb2 28. Rc2 Bg7 29. Ne1 Nb7 30. Nd3 Nc5 31. Bf4 Nxd3 32. exd3 Rxb5 33.
Bxd6 Rb3 34. Re2 Re8 35. Re3 Bd4 36. Rf3+ Kg7 37. Rf4 e5 38. Rf3 Ra8 39. c5 Rc3 40. Bg2 Ra1+ 41. Bf1 Rcc1 42. Kg2 Rxf1 43. c6 Rfc1 44.
c7 Ra2 45. Rf8 Rac2 46. Re8 Bb6 0-1

[Event "Early-Titled-Tuesday-Blitz-September-12-2023"]
[Site "Chess.com"]
[Date "2023.09.12"]
[Round "7"]
[White "Grossboss19"]
[Black "Goryachkina"]
[Result "1/2-1/2"]
[WhiteElo "2545"]
[BlackElo "2664"]
[TimeControl "180+1"]
[EndTime "9:18:30 PDT"]
[Termination "Game drawn by agreement"]

1. d4 Nf6 2. c4 e6 3. Nc3 Bb4 4. e3 O-O 5. Bd3 d5 6. Nf3 dxc4 7. Bxc4 c5 8. O-O Nc6 9. a3 Ba5 10. Ba2 h6 11. Qd3 Bc7 12. Rd1 Qe7 13. dxc5 Qxc5 14. b4 Qh5 15. Bb2 Ne5 16. Nxe5 Bxe5 17. h3 Bd7 18.
Rab1 Bc6 19. b5 Be8 20. a4 Bd7 21. Ne2 Bxb2 22. Rxb2 e5 23. Ng3 Qg5 24. Rbd2 h5 25. Kh2 b6 26. Ne4 Nxe4 27. Qxe4 Be6 28. Bxe6 fxe6 29. Rc1 Rad8 30. Rxd8 Rxd8 31. Rc6 Qf5 32. Qxf5 exf5 33. Rc7 Rd2 34. f3 Rd3 35. Rxa7 Rxe3 36. Ra6 Ra3 37. Rxb6 Rxa4 38. Re6 e4 39. fxe4 fxe4 40.
b6 Rb4 41. Kg3 e3 42. Rxe3 Rxb6 43. Kh4 Rb5 44. g4 1/2-1/2

[Event "Early-Titled-Tuesday-Blitz-September-12-2023"]
[Site "Chess.com"]
[Date "2023.09.12"]
[Round "7"]
[White "TregubovP"]
[Black "noblerone"]
[Result "1-0"]
[WhiteElo "2653"]
[BlackElo "2527"]
[TimeControl "180+1"]
[EndTime "9:18:30 PDT"]
[Termination "TregubovP won on time"]

1. e4 c5 2. Nf3 e6 3. c3 Nf6 4. e5 Nd5 5. d4 cxd4 6. cxd4 d6 7. Bc4 Be7 8. O-O O-O 9. Qe2 b6 10. Rd1 Nc6 11. Bxd5 exd5 12. Qb5 Bb7 13. Nc3 a6 14.
Qb3 Na5 15. Qc2 Rc8 16. Bf4 b5 17. Qf5 Nc4 18. b3 g6 19. Qh3 Nb2 20. exd6 Bf6 21. Ne5 Nxd1 22. Rxd1 Qxd6 23. Nxg6 Qe6 24. Qxe6 fxe6 25.
Nxf8 Kxf8 26. Ne2 Rc2 27. Rd2 Rc6 28. g4 Kf7 29. Be5 Be7 30. Kg2 Bb4 31. Rd3 Rc2 32.
Rf3+ Ke7 33. Nf4 Rxa2 34. Rh3 Bc6 35. Rxh7+ Ke8 36. Nxe6 Bd7 37. Nc7+ Kd8 38. Rh8+ Ke7 39. Nxd5+ Ke6 40. Nxb4 Rb2 41. Nd3 Bc6+ 42. Kg3 Rxb3 43. Rh6+ Kd5 44. Rd6+ Ke4 45. Rxc6 Rxd3+ 46. Kh4 b4 47.
Rxa6 b3 48. Rb6 Rd1 49. Kg5 1-0

[Event "Early-Titled-Tuesday-Blitz-September-12-2023"]
[Site "Chess.com"]
[Date "2023.09.12"]
[Round "7"]
[White "FairChess_on_YouTube"]
[Black "Duhless"]
[Result "1-0"]
[WhiteElo "3054"]
[BlackElo "2978"]
[TimeControl "180+1"]
[EndTime "9:18:31 PDT"]
[Termination "FairChess_on_YouTube won by resignation"]

1. d4 Nf6 2. c4 g6 3. Nc3 d5 4. cxd5 Nxd5 5. e4 Nxc3 6. bxc3 Bg7 7. Nf3 c5 8. Bb5+ Nc6 9. O-O O-O 10. Bxc6 bxc6 11. Qc2 Bg4 12. Ne5 Be6 13. Nxc6 Qe8 14. d5 Bd7 15. Na5 Ba4 16. Qd2 Qb5 17. Nc6 Qc4 18. Nxe7+ Kh8 19. d6 Rad8 20. Re1 Qxc3 21. Qxc3 Bxc3 22. Bh6 Rfe8 23. e5 f6 24. f4 fxe5 25.
fxe5 c4 26. Bg5 Bd4+ 27. Kh1 Kg7 28. Nd5 Bxa1 29. Rxa1 Rb8 30. Bf6+ Kh6 31. Rc1 c3 32. h4 Bd7 33. Rxc3 Bf5 34. Rc7 Kh5 35. Ne3 h6 36. Nxf5 gxf5 37. d7 Rg8 38. e6 Rb1+ 39. Kh2 Rb2 40.
Bxb2 1-0

[Event "Early-Titled-Tuesday-Blitz-September-12-2023"]
[Site "Chess.com"]
[Date "2023.09.12"]
[Round "7"]
[White "WindWhistler11"]
[Black "kushbhagat2009"]
[Result "1-0"]
[WhiteElo "2492"]
[BlackElo "2610"]
[TimeControl "180+1"]
[EndTime "9:18:31 PDT"]
[Termination "WindWhistler11 won by checkmate"]

1. Nf3 Nf6 2. b3 g6 3. Bb2 Bg7 4. g3 O-O 5. Bg2 d6 6. d4 e5 7. dxe5 Nfd7 8. O-O dxe5 9. Qc1 Nc6 10. Rd1 e4 11.
Nfd2 f5 12. Nc4 Bxb2 13. Qxb2 Qe7 14. Nc3 Nb6 15. Nxb6 axb6 16. Nd5 Qf7 17. f3 exf3 18. exf3 Be6 19. f4 Rad8 20. c4 Rd7 21. Rd2 Qg7 22. Qxg7+ Kxg7 23. Rad1 Rfd8 24. Kf2 Ne7 25. Ke3 Bxd5 26.
cxd5 Kf6 27. h3 h5 28. Bf3 Rd6 29. a4 R6d7 30. Rd4 Nc8 31. Kd3 c5 32. Rc4 Ne7 33.
Kc2 Nxd5 34. Bxd5 Rxd5 35. Rxd5 Rxd5 36. b4 Ke6 37. a5 bxa5 38. bxa5 Kd7 39. Rc3 Kc6 40. Re3 Kb5 41. Re6 Kxa5 42. Rxg6 b5 43. Rg5 b4 44. g4 hxg4 45. hxg4 c4 46. Rxf5 Rxf5 47. gxf5 b3+ 48. Kc3 Ka4 49. f6 Ka3 50. f7 b2 51. f8=Q+ Ka2 52. Qa8+ Kb1 53. Qb7 Kc1 54.
Qxb2+ Kd1 55. Qd2# 1-0

[Event "Early-Titled-Tuesday-Blitz-September-12-2023"]
[Site "Chess.com"]
[Date "2023.09.12"]
[Round "7"]
[White "kuba2006"]
[Black "Francisco_Ferrari"]
[Result "1/2-1/2"]
[WhiteElo "2520"]
[BlackElo "2198"]
[TimeControl "180+1"]
[EndTime "9:18:31 PDT"]
[Termination "Game drawn by repetition"]

1. b3 d5 2. Bb2 e6 3. e3 Nf6 4. f4 Be7 5. Nf3 O-O 6. Be2 c5 7. O-O Nc6 8. Bb5 Ne4 9. d3 Nd6 10. Bxc6 bxc6 11. Nbd2 Bb7 12. Qe1 c4 13. dxc4 dxc4 14.
bxc4 c5 15. Kh1 Ba6 16. Qe2 Rb8 17. Bc3 Nf5 18. e4 Nd4 19. Bxd4 cxd4 20. Qd3 Bc5 21.
e5 Rb4 22. Ng5 g6 23. Qh3 h5 24. a3 Rb2 25. Qd3 Bb7 26. Nb3 Be7 27. Ne4 Qc7 28. Nxd4 Rc8 29. Nb5 Qxc4 30. Qxc4 Rxc4 31. Ned6 Rcxc2 32. Nxb7 Rxg2 33. Rfb1 Rbf2 34. N5d6 Bh4 35. Ne4 Rxh2+ 36. Kg1 Rhg2+ 37. Kh1 Re2 38. Nbd6 Rh2+ 39.
Kg1 Rhg2+ 40. Kf1 Rh2 41. Rb8+ Kg7 42. Rb7 Rc2 43. Rxf7+ Kh6 44. Kg1 Rhg2+ 45. Kh1 Rh2+ 46. Kg1 Rhg2+ 47. Kf1 Rh2 48. Kg1 1/2-1/2